 Dungeon Crawl Stone Soup version 0.31-a0-1522-g43313d8a59 (webtiles) character file.

Game seed: 2108032691047264955

357 Lobster4 the Magician (level 6, -4/34 HPs)
             Began as a Deep Elf Hedge Wizard on Dec 30, 2023.
             Slain by an iguana (6 damage)
             ... on level 4 of the Dungeon.
             The game lasted 00:19:36 (4271 turns).

Lobster4 the Magician (Deep Elf Hedge Wizard)       Turns: 4271, Time: 00:19:37

Health: -4/34      AC:  3    Str:  9    XL:     6   Next: 36%
Magic:  5/23       EV: 13    Int: 19    God:
Gold:   49         SH:  0    Dex: 14    Spells: 7/16 levels left

rFire   + . .        z - +5 spear
rCold   + . .        (no shield)
rNeg    . . .        b - +0 robe
rPois   .            c - +0 hat
rElec   +            d - +0 cloak
rCorr   .            (no gloves)
SInv    +            (no boots)
Will    .....        r
                       - Hermit's Pendant {Faith Invo=14 Evo=0 MP+5}
Stlth   ++           p - ring "Roinud" {Fly rElec rF+ rC+ SInv}
HPRegen 0.25/turn    (no ring)
MPRegen 0.18/turn

%: faith
@: flying, very slightly contaminated
A: no striking features
a: no special abilities


You were on level 4 of the Dungeon.
You visited 1 branch of the dungeon, and saw 4 of its levels.

You collected 169 gold pieces.
You spent 120 gold pieces at shops.

Inventory:

Hand Weapons
 a - a +0 dagger
 e - a +0 short sword
 n - a +0 sling
 q - a +1 trident of protection
 z - a +5 spear (weapon)
Armour
 b - a +0 robe (worn)
 c - a +0 hat (worn)
 d - a +0 cloak (worn)
 i - a +0 leather armour
 j - +0 pearl dragon scales
 y - an orb of energy
Magical Staves
 E - a staff of fire
Jewellery
 l - a ring of ice
 p - the ring "Roinud" (left hand) {Fly rElec rF+ rC+ SInv}
   (You acquired it on level 2 of the Dungeon)

   [ring of protection from fire]

   rF+:       It protects you from fire.
   rC+:       It protects you from cold.
   rElec:     It insulates you from electricity.
   SInv:      It lets you see invisible.
   Fly:       It grants you flight.
 r - the Hermit's Pendant (around neck) {Faith Invo=14 Evo=0 MP+5}
   (You found it on level 2 of the Dungeon)

   [amulet of faith]

   Invo=14: It sets your Invocations skill to 14.
   Evo=0: It sets your Evocations skill to 0.
   Faith:     It allows you to gain divine favour quickly.
   MP+5:      It affects your magic capacity (+5).
Scrolls
 f - a scroll of immolation {unknown}
 g - a scroll of revelation
 k - 2 scrolls of fear
 o - 2 scrolls of teleportation
 s - a scroll of blinking {unknown}
 u - a scroll of brand weapon {unknown}
 A - a scroll of amnesia {unknown}
 B - a scroll of vulnerability {unknown}
 F - a scroll of fog {unknown}
Potions
 h - a potion of haste
 m - a potion of mutation
 t - a potion of curing
 v - a potion of cancellation {unknown}
 w - a potion of magic
 x - 2 potions of brilliance {unknown}
 C - a potion of enlightenment {unknown}
 D - a potion of berserk rage {unknown}
 G - a potion of might {unknown}


   Skills:
 - Level 1.0 Fighting
 - Level 1.0 Short Blades
 + Level 1.1 Armour
 - Level 3.0 Dodging
 - Level 3.0 Stealth
 + Level 5.5 Spellcasting
 + Level 2.9 Conjurations
 + Level 2.3 Hexes
 - Level 2.0 Summonings
 - Level 2.0 Translocations
 + Level 1.7 Air Magic
 + Level 1.8 Alchemy


You had 7 spell levels left.
You knew the following spells:

 Your Spells              Type           Power      Damage    Failure   Level
a - Magic Dart            Conj           64%        1d6       3%          1
b - Mephitic Cloud        Conj/Alch/Air  13%        N/A       14%         3
g - Call Imp              Summ           24%        N/A       8%          2
s - Slow                  Hex            56%        N/A       4%          1
x - Blink                 Tloc           24%        N/A       8%          2

Your spell library contained the following spells:

 Spells                   Type           Power      Damage    Failure   Level
 Cigotuvi's Dreadful Rot  Necr/Alch/Air  18%        N/A       11%         2
 Sublimation of Blood     Necr           5%         N/A       19%         2
 Petrify                  Alch/Erth      8%         N/A       63%         4
 Irradiate                Conj/Alch      7%         3d14      77%         5


Dungeon Overview and Level Annotations

Branches:
Dungeon (4/15)
 Temple: D:4-7

Altars:

Shops:
D:2 ?

Annotations:
D:4 Dowan, Duvessa


Message History

The magic dart hits the iguana.
The iguana is heavily wounded.
The iguana misses you.
Your cerulean imp closely misses the iguana.
Casting: Magic Dart (safe; 3% risk of failure)
Confirm with . or Enter, or press ? or * to list all spells.
Aiming: Magic Dart (safe; 3% risk of failure)
Press: ? - help, Shift-Dir - straight line, f/p - iguana
Aim: an iguana (heavily wounded, ally target, 100% to hit)
You miscast Magic Dart.
Nothing appears to happen.
The iguana closely misses you.
Your cerulean imp hits the iguana but does no damage.
Casting: Magic Dart (safe; 3% risk of failure)
Confirm with . or Enter, or press ? or * to list all spells.
Aiming: Magic Dart (safe; 3% risk of failure)
Press: ? - help, Shift-Dir - straight line, f/p - iguana
Aim: an iguana (heavily wounded, ally target, 100% to hit)
The magic dart hits the iguana.
The iguana is severely wounded.
The iguana misses you.
Your cerulean imp hits the iguana with a -3 spear.
Casting: Magic Dart (safe; 3% risk of failure)
Confirm with . or Enter, or press ? or * to list all spells.
Aiming: Magic Dart (safe; 3% risk of failure)
Press: ? - help, Shift-Dir - straight line, f/p - iguana
Aim: an iguana (severely wounded, ally target, 100% to hit)
The magic dart hits the iguana.
The iguana is almost dead.
The iguana bites you!
* * * LOW HITPOINT WARNING * * *
Your cerulean imp hits the iguana but does no damage.
Casting: Magic Dart (safe; 3% risk of failure)
Confirm with . or Enter, or press ? or * to list all spells.
Aiming: Magic Dart (safe; 3% risk of failure)
Press: ? - help, Shift-Dir - straight line, f/p - iguana
Aim: an iguana (almost dead, not watching you, ally target, 100% to hit)
The magic dart hits the iguana but does no damage.
The iguana is almost dead.
The iguana bites you.
You die...

#...#...########.#
#######.#5########.#####
........#.....†........######
..........5...........>......
.............................
..################.###.###..e
. ..#.# .# ########.#.###.###
#.....@#.#........
#......l)#.###.###
########5..# .#
..........).....#
#######...###.#.# ##### . .
####


You could see an iguana (ally target) and a friendly cerulean imp (summoned).

Vanquished Creatures
  A black bear (D:3)
  A scorpion (D:4)
  Crazy Yiuf (D:2)
  4 adders
  A gnoll (D:4)
  A dart slug (D:1)
  A ribbon worm (D:3)
  6 orcs
  3 ball pythons
  2 bats (D:2)
  6 endoplasms
  2 giant cockroaches
  A goblin (D:1)
  4 hobgoblins
  2 jackals (D:4)
  2 quokkas
  A frilled lizard (D:2)
  4 kobolds
  2 rats
45 creatures vanquished.

Vanquished Creatures (collateral kills)
  An iguana (D:4)
  2 gnolls (D:4)
  2 adders (D:2)
  A dart slug (D:1)
  A ribbon worm (D:2)
  2 orcs (D:4)
  A goblin (D:2)
  A jackal (D:4)
11 creatures vanquished.

Grand Total: 56 creatures vanquished

Notes
Turn   | Place    | Note
-------+----------+-------------------------------------------
     0 | D:1      | Lobster4 the Deep Elf Hedge Wizard began the quest for the
                  | Orb.
     0 | D:1      | Reached XP level 1. HP: 10/10 MP: 7/7
   414 | D:1      | Reached XP level 2. HP: 15/15 MP: 4/9
   417 | D:1      | Learned a level 2 spell: Blink
   420 | D:1      | Learned a level 2 spell: Call Imp
   422 | D:1      | Learned a level 1 spell: Slow
   943 | D:2      | Found Wale's Magic Scroll Emporium.
  1037 | D:2      | Bought a scroll of fear for 48 gold pieces
  1037 | D:2      | Bought a scroll of identify for 24 gold pieces
  1049 | D:2      | Reached XP level 3. HP: 13/20 MP: 2/11
  1366 | D:2      | Bought a scroll of identify for 24 gold pieces
  1366 | D:2      | Identified a scroll of acquirement
  1367 | D:2      | Acquired the ring "Roinud" {Fly rElec rF+ rC+ SInv}
  1512 | D:2      | Found a runed translucent door.
  1513 | D:2      | Noticed Crazy Yiuf
  1603 | D:2      | Killed Crazy Yiuf
  1604 | D:2      | Reached skill level 1 in Fighting
  1604 | D:2      | Reached skill level 1 in Short Blades
  1604 | D:2      | Reached XP level 4. HP: 25/25 MP: 9/12
  1791 | D:2      | Learned a level 3 spell: Mephitic Cloud
  1798 | D:2      | Found the Hermit's Pendant {Faith Invo=14 Evo=0 MP+5}
  3120 | D:4      | Reached skill level 5 in Spellcasting
  3120 | D:4      | Reached skill level 1 in Hexes
  3184 | D:4      | Noticed a scorpion
  3306 | D:4      | Reached XP level 5. HP: 29/29 MP: 16/16
  3347 | D:4      | Noticed Duvessa
  3347 | D:4      | Noticed Dowan
  3437 | D:4      | Reached skill level 1 in Air Magic
  3437 | D:4      | Reached skill level 1 in Alchemy
  3598 | D:4      | Noticed a black bear
  3663 | D:3      | HP: 1/29 [black bear (2)]
  3664 | D:3      | Killed a black bear
  3665 | D:3      | Reached skill level 1 in Armour
  3665 | D:3      | Reached XP level 6. HP: 1/34 MP: 12/18
  4220 | D:2      | Bought a scroll of identify for 24 gold pieces
  4271 | D:4      | Slain by an iguana

Illustrated notes

Levels and vault maps discovered:
D:1:      scummos_arrival_forest, layout_loops_ring
D:2:      layout_rooms, serial_shops, shop, uniq_crazy_yiuf_cottage
D:3:      layout_basic
D:4:      layout_basic, general_overflow_altar, kennysheep_little_box,
          uniq_duvessa

Skill      XL: |  1  2  3  4  5 |
---------------+----------------+-----
Stealth        | 3 |  3.0
Fighting       | 1 |  1.0
Short Blades   | 1 |  1.0
Dodging        | 3 |  3.0
Conjurations   | 2 |  2.9
Translocations | 2 |  2.0
Summonings     | 2 |  2.0
Spellcasting   | 5 |  5.5
Hexes          | 1 2 |  2.3
Air Magic      | 1 |  1.7
Alchemy        | 1 |  1.8
Armour         | 1 |  1.1

Action                     |  1- 3 |  4- 6 || total
---------------------------+-------+-------++-------
  Melee: Dagger            |     4 |       ||     4
         Spear             |       |     8 ||     8
         Punch             |       |     1 ||     1
   Cast: Magic Dart        |    69 |   101 ||   170
         Call Imp          |     8 |    18 ||    26
         Slow              |       |     1 ||     1
         Blink             |       |     1 ||     1
    Use: Scroll            |     6 |     4 ||    10
         Potion            |     1 |     1 ||     2
   Stab: Distracted        |     1 |       ||     1
         Sleeping          |       |     1 ||     1
 Armour: Robe              |     9 |    36 ||    45
  Dodge: Dodged            |    20 |    27 ||    47

Table legend: (Time is in decaauts)
 A = Elapsed time spent in this place.
 B = Non-inter-level travel time spent in this place.
 C = Inter-level travel time spent in this place.
 D = Time resting spent in this place.
 E = Time spent auto-exploring this place.
 F = Levels seen in this place.
 G = Mean time per level.
                   A        B        C        D        E       F      G
               +--------+--------+--------+--------+--------+-----+--------+
         Total |   4274 |   3866 |    408 |    624 |   2448 |   4 | 1068.5 |
       Dungeon |   4274 |   3866 |    408 |    624 |   2448 |   4 | 1068.5 |
               +--------+--------+--------+--------+--------+-----+--------+

Top non-repeatable levels by time:
     D:3: 1394 daAuts
     D:2: 1102 daAuts
     D:1: 924 daAuts
     D:4: 852 daAuts
